AA
ST. PAUL SAINTS @ CLEBURNE RAILROADERS
08/03/2072
 
TOP OF THE 1ST
Texas AirHogs batting - Pitching for Kansas City T-Bones : LHP Bennett Parry
Pitching: LHP Bennett Parry
Batting: RHB Alberto Figueroa 0-0: Called Strike
0-1: Ball
1-1: Ball
2-1: SINGLE (Groundball, 25, EV 61.2 MPH) (infield hit)
Batting: SHB Jon Hilton 0-0: Ball
1-0: Called Strike
1-1: Fly out, F4 (Line Drive, 4, EV 68.1 MPH)
Batting: RHB Adrian Gutierrez 0-0: Called Strike
0-1: Ball
1-1: Ball
2-1: Foul Ball, location: 2F
2-2: Ball
3-2: SINGLE (Line Drive, 4MD, EV 98.8 MPH)
Alberto Figueroa to second
Alberto Figueroa to third
Batting: RHB Mike Johnson 0-0: Called Strike
0-1: Swinging Strike
0-2: Strikes out swinging
Batting: LHB Josh Rush 0-0: Called Strike
0-1: Hit by Pitch
Adrian Gutierrez to second
Batting: RHB Stephen Ayliffe 0-0: Ball
1-0: Swinging Strike
1-1: Ball
2-1: Fly out, F9 (Flyball, 9LM, EV 81.2 MPH)
Top of the 1st over - 0 runs, 2 hits, 0 errors, 3 left on base; Texas 0 - Kansas City 0
BOTTOM OF THE 1ST
Kansas City T-Bones batting - Pitching for Texas AirHogs : LHP Mike Willis
Pitching: LHP Mike Willis
Batting: RHB Martin Rivera 0-0: Called Strike
0-1: Ball
1-1: Foul Ball, location: 2F
1-2: Ball
2-2: Ball
3-2: SINGLE (Flyball, 34D, EV 87.5 MPH)
Batting: RHB Adam Miller 0-0: Ball
1-0: Ball
2-0: Fly out, F9 (Flyball, 9LM, EV 78.8 MPH)
Batting: RHB Ernie Almodovar 0-0: 2-RUN HOME RUN (Flyball, 7LD, EV 91.2 MPH), Distance : 367 ft
Batting: RHB Robert Moreau 0-0: Ball
1-0: Ball
2-0: Called Strike
2-1: SOLO HOME RUN (Flyball, 7D, EV 90.6 MPH), Distance : 379 ft
Batting: RHB Ross Hunt 0-0: Called Strike
0-1: Ball
1-1: SOLO HOME RUN (Flyball, 7D, EV 103.8 MPH), Distance : 388 ft
Batting: LHB J.J. Hallberg 0-0: SINGLE (Line Drive, 6D, EV 96.9 MPH)
Batting: RHB Matt Peyton 0-0: Foul Ball, location: 2F
0-1: 2-RUN HOME RUN (Flyball, 7LD, EV 99.4 MPH), Distance : 368 ft
Batting: LHB Ramon Velasco 0-0: Called Strike
0-1: Foul Ball, location: 2F
0-2: Ball
1-2: Ground out U3 (Groundball, 3, EV 83.1 MPH)
Batting: RHB Carlos Alicea 0-0: Ball
1-0: Foul Ball, location: 2F
1-1: Ball
2-1: SINGLE (Line Drive, 9S, EV 111.9 MPH)
Pitching: RHP Walt Lindsay
Batting: RHB Martin Rivera 0-0: Foul Ball, location: 2F
0-1: Ball
1-1: Ball
2-1: Called Strike
2-2: Ground out 5-3 (Groundball, 56, EV 80.0 MPH)
Bottom of the 1st over - 6 runs, 7 hits, 0 errors, 1 left on base; Texas 0 - Kansas City 6
TOP OF THE 2ND
Texas AirHogs batting - Pitching for Kansas City T-Bones : LHP Bennett Parry
Batting: LHB Ron Clark 0-0: Called Strike
0-1: Ball
1-1: Ball
2-1: Called Strike
2-2: Fly out, F8 (Flyball, 8LXD, EV 103.1 MPH)
Batting: RHB Ryan Powell 0-0: Ball
1-0: Swinging Strike
1-1: Ball
2-1: Foul Ball, location: 2F
2-2: Ground out 6-3 (Groundball, 6, EV 91.2 MPH)
Batting: LHB Adam Schmidt 0-0: Ball
1-0: Ball
2-0: Called Strike
2-1: Reached via error on a dropped throw from 2B, E3 (Groundball, 4, EV 80.6 MPH)
Batting: RHB Alberto Figueroa 0-0: Called Strike
0-1: Ball
1-1: Foul Ball, location: 2F
1-2: Ball
2-2: Fly out, F9 (Line Drive, 9, EV 98.8 MPH)
Top of the 2nd over - 0 runs, 0 hits, 1 error, 1 left on base; Texas 0 - Kansas City 6
BOTTOM OF THE 2ND
Kansas City T-Bones batting - Pitching for Texas AirHogs : RHP Walt Lindsay
Batting: RHB Adam Miller 0-0: Ball
1-0: Ball
2-0: Foul Ball, location: 2F
2-1: Swinging Strike
2-2: Ground out 4-3 (Groundball, 4, EV 90.6 MPH)
Batting: RHB Ernie Almodovar 0-0: DOUBLE (Flyball, 89XD, EV 99.4 MPH)
Batting: RHB Robert Moreau 0-0: Ball
1-0: Swinging Strike
1-1: Ball
2-1: Foul Ball, location: 2F
2-2: Foul Ball, location: 2F
2-2: Strikes out swinging
Batting: RHB Ross Hunt 0-0: Swinging Strike
0-1: Ball
1-1: Called Strike
1-2: Ball
2-2: Strikes out swinging
Bottom of the 2nd over - 0 runs, 1 hit, 0 errors, 1 left on base; Texas 0 - Kansas City 6
TOP OF THE 3RD
Texas AirHogs batting - Pitching for Kansas City T-Bones : LHP Bennett Parry
Batting: SHB Jon Hilton 0-0: Called Strike
0-1: Ball
1-1: Foul Ball, location: 2F
1-2: Ball
2-2: Ball
3-2: Base on Balls
Batting: RHB Adrian Gutierrez 0-0: Called Strike
0-1: Foul Ball, location: 2F
0-2: Fly out, F5 (Line Drive, 5, EV 70.0 MPH)
Batting: RHB Mike Johnson 0-0: Ball
1-0: Ball
Jon Hilton steals 2nd base (no throw)
2-0: Called Strike
2-1: Ball
3-1: Foul Ball, location: 2F
3-2: Strikes out swinging
Batting: LHB Josh Rush 0-0: Foul Ball, location: 2F
Balk!
Jon Hilton to third
0-1: Swinging Strike
0-2: Ball
1-2: Strikes out swinging
Top of the 3rd over - 0 runs, 0 hits, 0 errors, 1 left on base; Texas 0 - Kansas City 6
BOTTOM OF THE 3RD
Kansas City T-Bones batting - Pitching for Texas AirHogs : RHP Walt Lindsay
Batting: LHB J.J. Hallberg 0-0: Called Strike
0-1: SINGLE (Groundball, 4MD, EV 96.9 MPH)
Batting: RHB Matt Peyton 0-0: Called Strike
0-1: Swinging Strike
0-2: Ball
1-2: Strikes out swinging
Batting: LHB Ramon Velasco 0-0: Ball
1-0: Called Strike
1-1: Ball
2-1: Called Strike
2-2: Fly out, F8 (Flyball, 8LD, EV 98.1 MPH)
Batting: RHB Carlos Alicea 0-0: Called Strike
0-1: Ball
1-1: Foul Ball, location: 2F
1-2: Ball
2-2: Ball
3-2: Base on Balls
J.J. Hallberg to second
Batting: RHB Martin Rivera 0-0: Called Strike
0-1: Ball
1-1: Foul Ball, location: 2F
1-2: Ball
2-2: Foul Ball, location: 2F
2-2: Ball
3-2: Foul Ball, location: 2F
3-2: Fly out, F8 (Flyball, 8RS, EV 83.8 MPH)
Bottom of the 3rd over - 0 runs, 1 hit, 0 errors, 2 left on base; Texas 0 - Kansas City 6
TOP OF THE 4TH
Texas AirHogs batting - Pitching for Kansas City T-Bones : LHP Bennett Parry
Batting: RHB Stephen Ayliffe 0-0: Called Strike
0-1: Ball
1-1: Called Strike
1-2: Ground out 4-3 (Groundball, 4, EV 88.1 MPH)
Batting: LHB Ron Clark 0-0: Called Strike
0-1: Called Strike
0-2: Foul Ball, location: 2F
0-2: Ball
1-2: Ground out 4-3 (Groundball, 4, EV 103.8 MPH)
Batting: RHB Ryan Powell 0-0: Fly out, F8 (Flyball, 8LD, EV 86.2 MPH)
Top of the 4th over - 0 runs, 0 hits, 0 errors, 0 left on base; Texas 0 - Kansas City 6
BOTTOM OF THE 4TH
Kansas City T-Bones batting - Pitching for Texas AirHogs : RHP Walt Lindsay
Batting: RHB Adam Miller 0-0: Fly out, F7 (Flyball, 7S, EV 80.0 MPH)
Batting: RHB Ernie Almodovar 0-0: Ball
1-0: Ground out 3-1 (Groundball, 34S, EV 91.9 MPH)
Batting: RHB Robert Moreau 0-0: Ball
1-0: Ball
2-0: Ball
3-0: Called Strike
3-1: Called Strike
3-2: Base on Balls
Batting: RHB Ross Hunt 0-0: Called Strike
0-1: Foul Ball, location: 2F
0-2: Ball
1-2: Ball
2-2: Ball
3-2: Strikes out looking
Bottom of the 4th over - 0 runs, 0 hits, 0 errors, 1 left on base; Texas 0 - Kansas City 6
TOP OF THE 5TH
Texas AirHogs batting - Pitching for Kansas City T-Bones : LHP Bennett Parry
Batting: LHB Adam Schmidt 0-0: Ball
1-0: Ball
2-0: Foul Ball, location: 2F
2-1: Foul Ball, location: 2F
2-2: Foul Ball, location: 2F
2-2: Strikes out looking
Batting: RHB Alberto Figueroa 0-0: Called Strike
0-1: Fly out, F9 (Flyball, 89S, EV 90.6 MPH)
Batting: SHB Jon Hilton 0-0: Ball
1-0: Ball
2-0: SINGLE (Groundball, 6MD, EV 100.0 MPH)
Batting: RHB Adrian Gutierrez 0-0: Foul Ball, location: 2F
0-1: Ball
1-1: Foul Ball, location: 2F
1-2: Ball
2-2: Foul Ball, location: 2F
2-2: Foul Ball, location: 2F
2-2: Ground out 5-3 (Groundball, 56S, EV 83.8 MPH)
Top of the 5th over - 0 runs, 1 hit, 0 errors, 1 left on base; Texas 0 - Kansas City 6
BOTTOM OF THE 5TH
Kansas City T-Bones batting - Pitching for Texas AirHogs : RHP Walt Lindsay
Batting: LHB J.J. Hallberg 0-0: Called Strike
0-1: Foul Ball, location: 2F
0-2: Fly out, F8 (Flyball, 78D, EV 93.1 MPH)
Batting: RHB Matt Peyton 0-0: Ball
1-0: Foul Ball, location: 2F
1-1: Ball
2-1: Called Strike
2-2: SINGLE (Groundball, 6MD, EV 101.9 MPH)
Pitching: LHP Brad Thomas
Batting: LHB Ramon Velasco 0-0: Called Strike
0-1: SINGLE (Line Drive, 8RS, EV 87.5 MPH)
Matt Peyton to second
Batting: RHB Carlos Alicea 0-0: Fly out, F9 (Flyball, 9S, EV 90.6 MPH)
Batting: RHB Martin Rivera 0-0: Called Strike
0-1: Ball
1-1: Ball
2-1: Ball
3-1: Base on Balls
Matt Peyton to third
Ramon Velasco to second
Batting: RHB Adam Miller 0-0: Called Strike
0-1: Ball
1-1: Foul Ball, location: 2F
1-2: Foul Ball, location: 2F
1-2: Foul Ball, location: 2F
1-2: Fly out, F8 (Line Drive, 8RD, EV 94.4 MPH)
Bottom of the 5th over - 0 runs, 2 hits, 0 errors, 3 left on base; Texas 0 - Kansas City 6
TOP OF THE 6TH
Texas AirHogs batting - Pitching for Kansas City T-Bones : LHP Bennett Parry
Batting: RHB Mike Johnson 0-0: Called Strike
0-1: Ball
1-1: Fly out, F4 (Popup, 4, EV 76.2 MPH)
Batting: LHB Josh Rush 0-0: Ball
1-0: Foul Ball, location: 2F
1-1: Fly out, F6 (Flyball, 6D, EV 88.1 MPH)
Batting: RHB Stephen Ayliffe 0-0: DOUBLE (Flyball, 89XD, EV 101.9 MPH)
Batting: LHB Ron Clark 0-0: Ball
1-0: Called Strike
1-1: Called Strike
1-2: Ball
2-2: Foul Ball, location: 2F
2-2: Ball
3-2: Fly out, F4 (Line Drive, 4, EV 68.1 MPH)
Top of the 6th over - 0 runs, 1 hit, 0 errors, 1 left on base; Texas 0 - Kansas City 6
BOTTOM OF THE 6TH
Kansas City T-Bones batting - Pitching for Texas AirHogs : LHP Brad Thomas
Batting: RHB Ernie Almodovar 0-0: Called Strike
0-1: Ball
1-1: Foul Ball, location: 2F
1-2: Foul Ball, location: 2F
1-2: Ball
2-2: SINGLE (Flyball, 6D, EV 91.9 MPH)
Batting: RHB Robert Moreau 0-0: Foul Ball, location: 2F
0-1: Called Strike
0-2: Strikes out swinging
Batting: RHB Ross Hunt 0-0: Ball
1-0: Foul Ball, location: 2F
1-1: Ball
2-1: Ball
3-1: Base on Balls
Ernie Almodovar to second
Batting: LHB J.J. Hallberg 0-0: Called Strike
0-1: Ball
1-1: Called Strike
1-2: Foul Ball, location: 2F
1-2: Foul Ball, location: 2F
1-2: Ball
2-2: Fly out, F8 (Line Drive, 8RD, EV 91.2 MPH)
Batting: RHB Matt Peyton 0-0: Called Strike
0-1: Foul Ball, location: 2F
0-2: Hit by Pitch
Ernie Almodovar to third
Ross Hunt to second
Batting: LHB Ramon Velasco 0-0: Swinging Strike
0-1: GRAND SLAM HOME RUN (Flyball, 7LD, EV 94.4 MPH), Distance : 357 ft
Pitching: RHP Pete Perez
Batting: RHB Carlos Alicea 0-0: Called Strike
0-1: Swinging Strike
0-2: Strikes out looking
Bottom of the 6th over - 4 runs, 2 hits, 0 errors, 0 left on base; Texas 0 - Kansas City 10
TOP OF THE 7TH
Texas AirHogs batting - Pitching for Kansas City T-Bones : LHP Bennett Parry
Batting: RHB Ryan Powell 0-0: Ball
1-0: Ball
2-0: Foul Ball, location: 2F
2-1: Foul Ball, location: 2F
2-2: Ball
3-2: Fly out, F7 (Flyball, 7LS, EV 85.0 MPH)
Batting: LHB Adam Schmidt 0-0: Fly out, F7 (Flyball, 7LM, EV 92.5 MPH)
Batting: RHB Alberto Figueroa 0-0: Ball
1-0: Ball
2-0: Called Strike
2-1: Ball
3-1: Called Strike
3-2: Base on Balls
Pitching: RHP Phil Gage
Batting: SHB Jon Hilton 0-0: Called Strike
0-1: Called Strike
Alberto Figueroa steals 2nd base (no throw)
0-2: Ball
1-2: Strikes out swinging
Top of the 7th over - 0 runs, 0 hits, 0 errors, 1 left on base; Texas 0 - Kansas City 10
BOTTOM OF THE 7TH
Kansas City T-Bones batting - Pitching for Texas AirHogs : RHP Pete Perez
Pinch Hitting: RHB Jesus Felix 0-0: Ball
1-0: Swinging Strike
1-1: Called Strike
1-2: Foul Ball, location: 2F
1-2: Ball
2-2: Foul Ball, location: 2F
2-2: Ball
3-2: Foul Ball, location: 2F
3-2: Foul Ball, location: 2F
3-2: Foul Ball, location: 2F
3-2: Foul Ball, location: 2F
3-2: Foul Ball, location: 2F
3-2: Base on Balls
Batting: RHB Adam Miller 0-0: Ball
1-0: Swinging Strike
1-1: Ball
2-1: Fly out, F4 (Popup, 4, EV 75.6 MPH)
Batting: RHB Ernie Almodovar 0-0: Called Strike
0-1: Foul Ball, location: 2F
0-2: SINGLE (Groundball, 4MD, EV 95.0 MPH)
Jesus Felix to second
Batting: RHB Robert Moreau 0-0: Ball
1-0: Foul Ball, location: 2F
1-1: Grounds into double play, 1-4-3 (Groundball, P, EV 63.8 MPH)
Bottom of the 7th over - 0 runs, 1 hit, 0 errors, 1 left on base; Texas 0 - Kansas City 10
TOP OF THE 8TH
Texas AirHogs batting - Pitching for Kansas City T-Bones : RHP Phil Gage
Now in RF: Jesus Felix
Batting: RHB Adrian Gutierrez 0-0: Ball
1-0: Foul Ball, location: 2F
1-1: Ball
2-1: Fly out, F6 (Flyball, 6D, EV 76.2 MPH)
Batting: RHB Mike Johnson 0-0: Reached on error, E6 (Groundball, 6, EV 105.0 MPH)
Batting: LHB Josh Rush 0-0: Ball
1-0: 2-RUN HOME RUN (Flyball, 7D, EV 110.0 MPH), Distance : 383 ft
Batting: RHB Stephen Ayliffe 0-0: Fly out, F7 (Flyball, 7, EV 85.0 MPH)
Batting: LHB Ron Clark 0-0: Ball
1-0: Ball
2-0: Ball
3-0: Called Strike
3-1: Fly out, F6 (Popup, 56, EV 69.4 MPH)
Top of the 8th over - 2 runs, 1 hit, 1 error, 0 left on base; Texas 2 - Kansas City 10
BOTTOM OF THE 8TH
Kansas City T-Bones batting - Pitching for Texas AirHogs : RHP Pete Perez
Batting: RHB Ross Hunt 0-0: Ball
1-0: Ball
2-0: Ball
3-0: Base on Balls
Batting: LHB J.J. Hallberg 0-0: Foul Ball, location: 2F
0-1: Ball
1-1: Fly out, F5 (Popup, 5F, EV 77.5 MPH)
Batting: RHB Matt Peyton 0-0: Swinging Strike
0-1: Fly out, F4 (Popup, 34, EV 70.6 MPH)
Batting: LHB Ramon Velasco 0-0: Ball
1-0: Swinging Strike
1-1: Swinging Strike
1-2: Foul Ball, location: 2F
1-2: Foul Ball, location: 2F
1-2: Ball
2-2: Foul Ball, location: 2F
2-2: Foul Ball, location: 2F
2-2: Ball
3-2: Base on Balls
Ross Hunt to second
Batting: RHB Carlos Alicea 0-0: Called Strike
0-1: Fly out, F9 (Flyball, 9LS, EV 95.6 MPH)
Bottom of the 8th over - 0 runs, 0 hits, 0 errors, 2 left on base; Texas 2 - Kansas City 10
TOP OF THE 9TH
Texas AirHogs batting - Pitching for Kansas City T-Bones : RHP Phil Gage
Batting: RHB Ryan Powell 0-0: Ball
1-0: Called Strike
1-1: Called Strike
1-2: Hit by Pitch
Batting: LHB Adam Schmidt 0-0: Foul Ball, location: 2F
0-1: Swinging Strike
0-2: Ball
1-2: Fielders Choice at 2nd, 3-6 (Groundball, 34, EV 97.5 MPH)
Batting: RHB Alberto Figueroa 0-0: Ball
1-0: Ball
2-0: Foul Ball, location: 2F
2-1: Ball
3-1: Foul Ball, location: 2F
3-2: SINGLE (Line Drive, 9S, EV 98.1 MPH)
Adam Schmidt to second
Batting: SHB Jon Hilton 0-0: Called Strike
0-1: Swinging Strike
0-2: Foul Ball, location: 2F
0-2: Ball
1-2: Ball
2-2: Ball
3-2: Fly out, F1 (Line Drive, P, EV 75.0 MPH)
Lined into DP, 1-3 (Line Drive, P, EV 68.8 MPH)
Top of the 9th over - 0 runs, 1 hit, 0 errors, 1 left on base; Texas 2 - Kansas City 10
Friday, October 29th , 2021 - OOTP Baseball 22.10 Build 79